 Dungeon Crawl Stone Soup version 0.24.0-37-gcf1ca852f1 (webtiles) character file.

Game seed: 6332573251952149866, levelgen mode: deterministic

35 FishyPogo the Firebug (level 3, -1/26 HPs)
             Began as a Draconian Fire Elementalist on Dec 5, 2019.
             Slain by an iguana (5 damage)
             ... on level 2 of the Dungeon.
             The game lasted 00:06:33 (725 turns).

FishyPogo the Firebug (Draconian Fire Elementalist)  Turns: 725, Time: 00:06:34

Health: -1/26      AC:  5    Str: 10    XL:     3   Next: 17%
Magic:  1/6        EV: 12    Int: 15    God:
Gold:   54         SH:  0    Dex: 12    Spells: 0/6 levels left

rFire    . . .     SeeInvis .   d - +0 spear
rCold    . . .     Gourm    .   (no shield)
rNeg     . . .     Faith    .   (armour unavailable)
rPois    .         Spirit   .   (helmet restricted)
rElec    .         Reflect  .   (no cloak)
rCorr    .         Harm     .   (no gloves)
MR       .....                  (no boots)
Stlth    ++........             (no amulet)
HPRegen  0.08/turn              (no ring)
MPRegen  0.10/turn              (no ring)

@: no status effects
A: unfitting armour, cold-blooded, AC +5
a: no special abilities


You were on level 2 of the Dungeon.
You were hungry.

You visited 1 branch of the dungeon, and saw 2 of its levels.

You collected 54 gold pieces.

Inventory:

Hand Weapons
 d - a +0 spear (weapon)
Missiles
 k - 17 stones (quivered)
 l - 6 curare-tipped darts
Scrolls
 c - a scroll of immolation {unknown}
 e - 4 scrolls of identify {unknown}
 h - a scroll of random uselessness {unknown}
 i - 2 scrolls of fear {unknown}
 j - a scroll of enchant weapon {unknown}
 m - a scroll of teleportation {unknown}
 n - 3 scrolls of remove curse {unknown}
Potions
 a - a potion of curing {unknown}
 f - a potion of might {unknown}
Comestibles
 b - a ration
 g - 8 chunks of flesh


   Skills:
 + Level 2.3 Dodging
 - Level 2.0 Stealth
 + Level 2.0 Spellcasting
 - Level 1.0 Conjurations
 * Level 3.9 Fire Magic


You couldn't memorise any spells.
You knew the following spells:

 Your Spells              Type           Power        Failure   Level  Hunger
a - Flame Tongue          Conj/Fire      #....        9%          1    #......
b - Throw Flame           Conj/Fire      #.....       12%         2    ###....
j - Conjure Flame         Conj/Fire      #.......     24%         3    ###....

Your spell library contained the following spells:

 Spells                   Type           Power        Failure   Level  Hunger
 Inner Flame              Hex/Fire       #.......     30%         3    ###....
 Sticky Flame             Conj/Fire      #.......     63%         4    #####..
 Fireball                 Conj/Fire      #.........   92%         5    ######.


Dungeon Overview and Level Annotations

Branches:
Dungeon (2/15)

Altars:


Innate Abilities, Weirdness & Mutations

Your plain brown scales are hard. (AC +5)
You cannot fit into any form of body armour.
You are cold-blooded and may be slowed by cold attacks.


Message History

The iguana bites you but does no damage.
Casting: Flame Tongue (safe; 9% risk of failure)
Confirm with . or Enter, or press ? or * to list all spells.
Aiming: Flame Tongue (safe; 9% risk of failure)
Press: ? - help, Shift-Dir - straight line, f/p - iguana
Aim: an iguana (heavily wounded)
The flame tongue hits the iguana.
The iguana is almost dead.
The iguana bites you.
* * * LOW HITPOINT WARNING * * *
Casting: Flame Tongue (safe; 9% risk of failure)
Confirm with . or Enter, or press ? or * to list all spells.
Aiming: Flame Tongue (safe; 9% risk of failure)
Press: ? - help, Shift-Dir - straight line, f/p - iguana
Aim: an iguana (almost dead)
The flame tongue hits the iguana but does no damage.
The iguana is almost dead.
You are feeling hungry.
The iguana bites you.
You die...

.# #####..#.....###
.#####..............
.#..##.#....#.......#
.#...<.#..........#.#
###)###...........#.#
..<......#.....#...
###.#........#.#.#
#.#......#.#...#
#.#.###......l@##
#.#.......##....#
#.......####.#>.#
######### #+####


You could see an iguana.

Vanquished Creatures
  An ooze (D:1)
  A leopard gecko (D:1)
  2 giant cockroaches
  5 goblins
  3 hobgoblins
  6 jackals
  3 bats
  A frilled lizard (D:2)
  2 kobolds (D:2)
  2 rats (D:1)
26 creatures vanquished.

Notes
Turn   | Place    | Note
-------+----------+-------------------------------------------
     0 | D:1      | FishyPogo the Draconian Fire Elementalist began the quest
                  | for the Orb.
     0 | D:1      | Reached XP level 1. HP: 14/14 MP: 3/3
   168 | D:1      | Reached XP level 2. HP: 20/20 MP: 1/5
   600 | D:2      | Reached XP level 3. HP: 14/26 MP: 1/6
   648 | D:2      | Learned a level 2 spell: Throw Flame
   656 | D:2      | Learned a level 3 spell: Conjure Flame
   725 | D:2      | Slain by an iguana

Levels and vault maps discovered:
D:1:      dpeg_arrival_windows_large_door, layout_basic, minivault_14
D:2:      layout_basic

Skill      XL: |  1  2 |
---------------+-------+-----
Stealth        | 2 |  2.0
Dodging        | 2 |  2.3
Spellcasting   | |  2.0
Conjurations   | |  1.0
Fire Magic     | |  3.9

Action                   || total
-------------------------++-------
Melee: Unarmed           ||     4
       Spear             ||    53
       Tailslap          ||     6
 Cast: Flame Tongue      ||    44
       Throw Flame       ||     1
 Stab: Sleeping          ||     1
Armor: Skin              ||    33
Dodge: Dodged            ||    46
